cohdb
Replays
Latest Replays
All Replays
Popular Replays
Top Player Replays
Match Explorer
How It Works
Community
CoH3 Stats
Reddit
Sign in to upload your games and track your stats! →
Sign in with Steam
Crusader AA Value (take 3)
Match 10092460
Overview
Messages
Build Orders
End
Royal Engineer Section
Vickers Machine Gun Team
Vickers Machine Gun Team
Construct Section Command Post
Infantry Section
Construct Field Infirmary
Infantry Section
Training Center
Grenade Package
Selects British Armored Battlegroup
Selects Rigorous Vehicle Training
Construct Platoon Command Post
Infantry Training
Selects Engineer Detachments
6-pounder Anti-tank Gun Team
Armored Vehicle Training
Selects Crusader AA Medium Tank
Crusader AA Medium Tank
Crusader AA Medium Tank
Infantry Section
Team Weapon Training
6-pounder Anti-tank Gun Team
Selects Churchill Black Prince Heavy Tank
Herr Blautier
~SB 真多~
0
0
Comments
sign in to comment!
No comments posted yet!